 Dungeon Crawl Stone Soup version 0.29-a0-284-gf9362112df (webtiles) character file.

Game seed: 8366575194820772617

2138 dracfodder the Basher (level 9, -1/55 HPs)
             Began as a Gargoyle Berserker on Mar 29, 2022.
             Was a Priest of Trog.
             Slain by an orc warrior
             ... wielding a +0 war axe
              (5 damage)
             ... in a bailey.
             The game lasted 00:21:55 (7022 turns).

dracfodder the Basher (Gargoyle Berserker)          Turns: 7022, Time: 00:21:56

Health: -1/55      AC: 26    Str: 22    XL:     9   Next: 30%
Magic:  9/9        EV: 11    Int:  9    God:    Trog [***...]
Gold:   258        SH:  0    Dex:  9    Spells: 8/8 levels left

rFire   . . .      SeeInvis .   a - +2 mace (protect)
rCold   . . .      Faith    .   (no shield)
rNeg    + + .      Spirit   .   b - +1 scale mail
rPois   ∞          Reflect  .   (no helmet)
rElec   +          Harm     .   p - +0 cloak
rCorr   .          Rampage  .   t - +0 pair of gloves
Will    +....                   j - +0 pair of boots
Stlth   ..........              (no amulet)
HPRegen 0.18/turn               k - ring of positive energy
MPRegen 0.11/turn               (no ring)

@: mighty, under a protective aura
A: sickness immunity, AC +6, negative energy resistance 1, electricity
resistance, torment resistance 1, petrification resistance, strong-willed 1,
weak 1, MP-powered wands
a: Renounce Religion, Berserk, Trog's Hand


You were in a bailey.
You worshipped Trog.
Trog was most pleased with you.
You visited 2 branches of the dungeon, and saw 8 of its levels.
You also visited: Bailey.

You collected 268 gold pieces.
You spent 10 gold pieces at shops.

Inventory:

Hand Weapons
 a - a +2 mace of protection (weapon)
 o - a +4 quarterstaff of chaos
 r - a +0 war axe
Missiles
 c - 15 boomerangs (quivered)
 i - 3 silver boomerangs
 l - 24 poisoned darts
 q - 4 datura-tipped darts
Armour
 b - a +1 scale mail (worn)
 j - a +0 pair of boots (worn)
 p - a +0 cloak (worn)
 t - a +0 pair of gloves (worn)
Jewellery
 k - a ring of positive energy (left hand)
Wands
 n - a wand of paralysis (10)
 s - a wand of flame (1)
 u - a wand of polymorph (5)
Scrolls
 f - 2 scrolls of teleportation
 h - 2 scrolls of blinking
Potions
 e - 3 potions of curing {unknown}
 g - a potion of brilliance {unknown}
 m - a potion of heal wounds {unknown}


   Skills:
 + Level 6.1 Fighting
 + Level 8.7 Maces & Flails
 + Level 1.6 Throwing
 + Level 6.4 Armour
 + Level 3.5 Dodging
 + Level 1.6 Stealth
 + Level 0.6 Evocations


You had 8 spell levels left.
You didn't know any spells.
Your spell library was empty.

Dungeon Overview and Level Annotations

Branches:
Dungeon (7/15)             Temple (1/1) D:4          Bailey (1/1)

Altars:
Ashenzari
Cheibriados
Dithmenos
Elyvilon
Fedhas
Hepliaklqana
Makhleb
Nemelex Xobeh
Okawaru
Qazlal
Ru
Sif Muna
Trog
Wu Jian
Xom
Yredelemnul
Zin
Jiyva

Shops:
D:2 [   D:3 !   D:6 *


Innate Abilities, Weirdness & Mutations

You are immune to sickness and miasma.
Your stone body is resilient. (AC +6)
You are immune to poison.
You resist negative energy. (rN+)
You are resistant to electric shocks. (rElec)
You are resistant to unholy torment.
You are immune to petrification.
You are strong-willed. (Will+)
You are weak. (Str -2)
You expend magic power (3 MP) to strengthen your wands.


Message History

The kobold brigand hits you but does no damage.
You sock the kobold brigand!
The kobold brigand is almost dead.
You feel the effects of Trog's Hand fading.
The kobold brigand hits you but does no damage.
You hit the kobold brigand.
You kill the kobold brigand!
Trog accepts your kill.
You sock the orc warrior!
The orc warrior is moderately wounded.
The orc warrior hits you but does no damage.
You closely miss the orc warrior.
The orc warrior is moderately wounded.
The orc warrior roars loudly.
The orc warrior hits you with a +0 war axe.
You miss the orc warrior.
The orc warrior is moderately wounded.
The orc warrior barely misses you.
You hit the orc warrior but do no damage.
The orc warrior is moderately wounded.
The orc warrior hits you with a +0 war axe.
* * * LOW HITPOINT WARNING * * *
You hit the orc warrior.
The orc warrior is moderately wounded.
Your skin stops crawling.
You feel less strong-willed. The orc warrior closely misses you.
You hit the orc warrior.
The orc warrior is heavily wounded.
The orc warrior hits you with a +0 war axe.
* * * LOW HITPOINT WARNING * * *
You feel very mighty all of a sudden.
The orc warrior hits you with a +0 war axe!
* * * LOW HITPOINT WARNING * * *
You sock the orc warrior!
The orc warrior is almost dead.
The orc warrior hits you but does no damage.
You closely miss the orc warrior.
The orc warrior is almost dead.
The orc warrior hits you with a +0 war axe.
You die...

..≈≈.......≈≈....#
##≈≈.......≈≈###.#
..≈≈.......≈≈....#
##≈≈.......≈≈###.#
..≈≈.......≈≈....#
###≈≈.......≈≈###.#
..≈≈.......≈≈....#
###≈≈.......≈o###.#
...≈≈.......≈Ko@..#
#≈≈.......≈≈#####
##≈.......≈##
####'''####
##.....## #∩.....∩#
#...8...# ##.....##
###'###


You could see 2 orc warriors and a kobold brigand.

Vanquished Creatures
  Sigmund (D:4)
  Duvessa (D:5)
  A sky beast (D:5)
  An orc warrior (D:6)
  3 black bears
  An ogre (D:5)
  4 kobold brigands
  A necrophage (D:7)
  4 scorpions
  Dowan (D:5)
  2 howler monkeys
  3 hounds (D:5)
  2 orc priests (D:6)
  3 jellies
  Crazy Yiuf (D:3)
  2 iguanas (D:5)
  An orc wizard (D:6)
  Natasha (thrice) (D:2)
  4 gnolls (D:5)
  6 adders
  2 white imps
  2 ufetubi
  2 worms (D:3)
  2 dart slugs
  21 orcs
  3 bats
  7 endoplasms
  2 giant cockroaches
  9 goblins
  3 hobgoblins
  6 jackals
  21 kobolds
  2 quokkas
  5 ball pythons
  A frilled lizard (D:2)
  3 rats
136 creatures vanquished.

Notes
Turn   | Place    | Note
-------+----------+-------------------------------------------
     0 | D:1      | dracfodder the Gargoyle Berserker began the quest for the
                  | Orb.
     0 | D:1      | Reached XP level 1. HP: 14/14 MP: 1/1
   591 | D:1      | Reached XP level 2. HP: 19/19 MP: 2/2
  1449 | D:2      | Noticed Natasha
  1453 | D:2      | Killed Natasha
  1454 | D:2      | Reached XP level 3. HP: 18/24 MP: 3/3
  1638 | D:2      | Noticed Natasha
  1646 | D:2      | Killed Natasha
  1647 | D:2      | Reached skill level 4 in Maces & Flails
  1647 | D:2      | Reached XP level 4. HP: 29/29 MP: 4/4
  1679 | D:2      | Found Ynoph's Armour Boutique.
  1768 | D:2      | Found a faded altar of an unknown god.
  1858 | D:2      | Noticed Natasha
  1903 | D:2      | Killed Natasha
  2515 | D:3      | Found Jirinesa's Distillery.
  2519 | D:3      | Bought a potion of degeneration for 10 gold pieces
  2627 | D:3      | Reached ** piety under Trog
  2712 | D:3      | Reached XP level 5. HP: 29/33 MP: 5/5
  3094 | D:3      | Found a broken altar of Ashenzari.
  3250 | D:3      | Found a runed translucent door.
  3251 | D:3      | Noticed Crazy Yiuf
  3462 | D:3      | Killed Crazy Yiuf
  3549 | D:4      | Found a staircase to the Ecumenical Temple.
  3748 | D:4      | Found a sparkling altar of Nemelex Xobeh.
  3780 | D:4      | Reached skill level 5 in Maces & Flails
  3780 | D:4      | Reached XP level 6. HP: 32/38 MP: 6/6
  4116 | D:4      | Found a stormy altar of Qazlal.
  4133 | D:4      | Noticed a black bear
  4143 | D:4      | Killed a black bear
  4152 | D:4      | Reached skill level 6 in Maces & Flails
  4152 | D:4      | Reached XP level 7. HP: 44/44 MP: 7/7
  4302 | D:4      | Found a white marble altar of Elyvilon.
  4431 | D:4      | Found a bloodstained altar of Trog.
  4700 | D:4      | Noticed Sigmund
  4701 | Temple   | Entered the Ecumenical Temple
  4849 | D:4      | Killed Sigmund
  4904 | D:5      | Entered Level 5 of the Dungeon
  5017 | D:5      | Gained mutation: You are weak. (Str -2) [potion of
                  | mutation]
  5017 | D:5      | Gained mutation: You expend magic power (3 MP) to
                  | strengthen your wands. [potion of mutation]
  5017 | D:5      | Gained mutation: You are strong-willed. (Will+) [potion of
                  | mutation]
  5022 | D:5      | Noticed Duvessa
  5022 | D:5      | Noticed Dowan
  5029 | D:5      | Killed Duvessa
  5030 | D:5      | Reached skill level 5 in Fighting
  5030 | D:5      | Reached XP level 8. HP: 49/49 MP: 8/8
  5032 | D:5      | Killed Dowan
  5140 | D:5      | Reached skill level 7 in Maces & Flails
  5140 | D:5      | Reached skill level 5 in Armour
  5140 | D:5      | Reached skill level 1 in Stealth
  6080 | D:5      | Reached skill level 8 in Maces & Flails
  6157 | D:6      | Found Jusyerch's Assorted Antiques.
  6356 | D:6      | HP: 3/76 [orc warrior/+0 scimitar (3)]
  6360 | D:6      | Reached XP level 9. HP: 4/55 MP: 9/9
  6598 | D:6      | Reached *** piety under Trog
  6708 | D:6      | Found a shadowy altar of Dithmenos.
  6719 | D:6      | Reached skill level 1 in Throwing
  6817 | D:7      | Found a flagged portal.
  6846 | Bailey   | Entered a bailey
  7022 | Bailey   | Slain by an orc warrior

Illustrated notes

Levels and vault maps discovered:
D:1:      eino_arrival_water_cross, layout_loops_cross
D:2:      layout_basic, serial_shops, shop, ebering_ecumenical_altar_petrified,
          uniq_natasha
D:3:      layout_loops_ring, cheibrodos_ashenzari_chains, serial_shops,
          shop_fountains, grunt_ministairs_9, uniq_crazy_yiuf_cottage
D:4:      minmay_wonky_spiral, layout_loops_ring,
          mainiacjoe_overflow_surrounded_room, mainiacjoe_overflow_alcove_1,
          grunt_temple_overflow_open, minmay_temple_entry_waves, uniq_sigmund
D:5:      layout_basic, kennysheep_small_square, uniq_duvessa
D:6:      layout_basic, fiery_altar_vehumet, nicolae_dithmenos_the_darkroom,
          lemuel_mausoleum_altar_kikubaaqudgha, serial_shops,
          nicolae_stop_n_shop_2
D:7:      layout_basic, enter_bailey_3
Temple:   pf_slime_end_temple
Bailey:   bailey_axe_3, bailey

Skill      XL: |  1  2  3  4  5  6  7  8  9 |
---------------+----------------------------+-----
Maces & Flails | 4 5 6 8 |  8.7
Fighting       | 4 5 6 |  6.1
Armour         | 3 4 5 6 |  6.4
Dodging        | 2 3 |  3.5
Stealth        | 1 |  1.6
Throwing       | 1 |  1.6
Evocations     | |  0.6

Action                   |  1- 3 |  4- 6 |  7- 9 || total
-------------------------+-------+-------+-------++-------
Melee: Mace              |    60 |   176 |   325 ||   561
       Punch             |     1 |     1 |     3 ||     5
Throw: Dart              |       |     3 |    13 ||    16
       Boomerang         |       |       |    16 ||    16
Invok: Berserk           |       |     4 |     4 ||     8
       Trog's Hand       |       |     1 |     4 ||     5
Evoke: Wand              |       |     3 |       ||     3
  Use: Scroll            |     3 |       |     8 ||    11
       Potion            |       |       |     3 ||     3
Armor: Animal skin       |     6 |       |       ||     6
       Scale mail        |    15 |    98 |   227 ||   340
Dodge: Dodged            |    25 |   120 |   157 ||   302

Table legend: (Time is in decaauts)
 A = Elapsed time spent in this place.
 B = Non-inter-level travel time spent in this place.
 C = Inter-level travel time spent in this place.
 D = Time resting spent in this place.
 E = Time spent auto-exploring this place.
 F = Levels seen in this place.
 G = Mean time per level.
                   A        B        C        D        E       F      G
               +--------+--------+--------+--------+--------+-----+--------+
         Total |   7167 |   7009 |    158 |   1034 |   4600 |   9 |  796.3 |
       Dungeon |   6850 |   6698 |    152 |   1034 |   4442 |   7 |  978.6 |
        Temple |    138 |    132 |      6 |      0 |    120 |   1 |  138.0 |
        Bailey |    178 |    178 |      0 |      0 |     38 |   1 |  178.0 |
               +--------+--------+--------+--------+--------+-----+--------+

Top non-repeatable levels by time:
     D:1: 1300 daAuts
     D:5: 1267 daAuts
     D:4: 1267 daAuts
     D:3: 1190 daAuts
     D:2: 1125 daAuts
     D:6: 655 daAuts
  Bailey: 178 daAuts
  Temple: 138 daAuts
     D:7: 43 daAuts
